 Dungeon Crawl Stone Soup version 0.19.5 (webtiles) character file.

2579 Peloso the Carver (level 9, -6/78 HPs)
             Began as a Minotaur Fighter on May 12, 2017.
             Was a Believer of Okawaru.
             Killed from afar by an electric eel (15 damage)
             ... with a bolt of electricity
             ... on level 7 of the Dungeon.
             The game lasted 00:13:55 (5821 turns).

Peloso the Carver (Minotaur Fighter)                Turns: 5821, Time: 00:13:56

Health: -6/78      AC: 17    Str: 22    XL:     9   Next: 32%
Magic:  0/8        EV:  6    Int:  5    God:    Okawaru [**....]
Gold:   429        SH: 11    Dex: 12    Spells: 0 memorised, 8 levels left

rFire  + . .     SeeInvis .     a - +0 long sword
rCold  . . .     Gourm    .     G - +0 plate armour
rNeg   . . .     Faith    .     c - +0 shield
rPois  .         Spirit   +     (helmet restricted)
rElec  .         Reflect  .     J - +0 cloak
rCorr  .         Harm     .     q - +0 pair of gloves
MR     .....                    y - +0 pair of boots
Stlth  ..........               A - amulet of guardian spirit
                                B - ring of loudness (curse)
                                e - ring of protection from fire

@: no status effects
A: retaliatory headbutt, horns 2
a: Heroism, Renounce Religion


You were on level 7 of the Dungeon.
You worshipped Okawaru.
Okawaru was pleased with you.
You were not hungry.

You visited 2 branches of the dungeon, and saw 8 of its levels.

You collected 429 gold pieces.

Inventory:

Hand Weapons
 a - a +0 long sword (weapon)
Armour
 c - a +0 shield (worn)
 q - a +0 pair of gloves (worn)
 y - a +0 pair of boots (worn)
 G - a +0 plate armour (worn)
 J - a +0 cloak (worn)
Jewellery
 e - a ring of protection from fire (left hand)
 t - an uncursed amulet of regeneration
 z - an uncursed amulet of rage
 A - an amulet of guardian spirit (around neck)
 B - a cursed ring of loudness (right hand)
Wands
 b - a wand of polymorph (18/24)
 r - a wand of teleportation (6/9)
 I - a wand of flame (25/48)
Scrolls
 g - 5 scrolls of identify {unknown}
 h - 2 scrolls of remove curse {unknown}
 j - a scroll of noise {unknown}
 m - 2 scrolls of recharging {unknown}
 n - 2 scrolls of enchant armour {unknown}
 u - 3 scrolls of teleportation {unknown}
 w - a scroll of amnesia {unknown}
 x - 2 scrolls of blinking {unknown}
 D - a scroll of magic mapping {unknown}
Potions
 d - 2 potions of might
 i - a potion of flight
 k - a potion of curing
 v - 2 potions of degeneration {unknown}
 C - a potion of mutation {unknown}
 E - a potion of heal wounds {unknown}
 H - a potion of resistance {unknown}
Books
 s - a book of Minor Magic

   Spells                             Type                      Level
   a - Magic Dart                     Conjuration                  1
   b - Blink                          Translocation                2
   c - Call Imp                       Summoning                    2
   d - Repel Missiles                 Charms/Air                   2
   e - Slow                           Hexes                        2
   f - Conjure Flame                  Conjuration/Fire             3
   g - Mephitic Cloud                 Conjuration/Poison/Air       3
Comestibles
 f - 6 bread rations
 l - 3 meat rations
 o - 2 chunks of flesh
 p - 2 beef jerkies
 F - 2 fruits


   Skills:
 + Level 6.8 Fighting
 + Level 9.6 Long Blades
 + Level 7.5 Armour
 + Level 2.8 Dodging
 + Level 0.3 Stealth
 + Level 8.3 Shields


You had 8 spell levels left.
You didn't know any spells.

Dungeon Overview and Level Annotations

Branches:
Dungeon (7/15)             Temple (1/1) D:4

Altars:
Ashenzari
Cheibriados
Dithmenos
Fedhas
Hepliaklqana
Kikubaaqudgha
Makhleb
Nemelex Xobeh
Okawaru
Ru
Sif Muna
Trog
Uskayaw
Xom
Yredelemnul
The Shining One

Shops:
D:6 %


Innate Abilities, Weirdness & Mutations

You reflexively headbutt those who attack you in melee.
You have a pair of horns on your head.


Message History

The electric eel is almost dead.
Unknown command.
You hit the electric eel but do no damage.
The electric eel is almost dead.
You closely miss the electric eel.
The electric eel is almost dead.
The electric eel shoots out a bolt of lightning at you!
The bolt of electricity hits you!
* * * LOW HITPOINT WARNING * * *
The bolt of electricity misses you.
The bolt of electricity hits the electric eel.
The electric eel completely resists.
You hear a shout!
Your plate armour prevents you from hitting the electric eel.
Your headbutt misses the electric eel.
The electric eel is almost dead.
The electric eel shoots out a bolt of lightning at you!
The bolt of electricity hits the electric eel.
The electric eel completely resists.
The bolt of electricity hits you!
You die...

#.###.............P
#................♣♣≈≈≈≈
#......#...#....≈♣≈≈≈≈≈
#......#........≈≈P≈≈≈P
#......#...###.≈≈≈≈P≈♣♣
#.....[.......♣♣≈≈≈≈P≈≈
#.###.....#†##♣♣≈P≈≈≈≈≈
#.[........<..;;≈≈≈≈≈≈♣
####.###..).#@♣≈PP≈≈≈≈≈
#....##....#♣♣♣≈≈≈≈≈≈≈
#..........# ≈≈≈≈≈≈≈
#....#.....# ≈≈≈≈≈≈≈
#....#.....# ≈≈≈≈≈≈≈
#....##....# ≈≈≈≈≈;≈≈
##.....#.#.# ♣;;≈≈≈≈≈≈
#.......#.#♣P ≈≈≈≈≈≈≈
#.....#.#.#P♣P≈≈≈≈


You could see 2 electric eels.

Vanquished Creatures
  A deep elf mage (D:6)
  Grinder (D:4)
  Sigmund (D:2)
  Menkaure (D:5)
  Edmund (D:4)
  Duvessa (D:6)
  A phantom (D:5)
  An ogre (D:5)
  3 centaurs
  2 bullfrogs (D:6)
  Dowan (D:6)
  A scorpion (D:5)
  A centaur zombie (D:6)
  4 crimson imps
  A hound (D:4)
  2 orc priests
  3 iguanas
  3 orc wizards
  6 worker ants
  2 hound skeletons
  3 worker ant zombies
  A howler monkey skeleton (D:6)
  7 adders
  4 gnolls (D:2)
  An adder skeleton (D:6)
  5 worms
  A dart slug (D:2)
  7 leopard geckos
  10 orcs
  2 ball pythons
  7 bats
  6 giant cockroaches
  7 goblins
  8 hobgoblins
  18 jackals
  3 quokkas
  A ball python zombie (D:5)
  7 frilled lizards
  10 kobolds
  10 rats
155 creatures vanquished.

Notes
Turn   | Place    | Note
-------+----------+-------------------------------------------
     0 | D:1      | Peloso the Minotaur Fighter began the quest for the Orb.
     0 | D:1      | Reached XP level 1. HP: 19/19 MP: 0/0
    54 | D:1      | Reached XP level 2. HP: 23/27 MP: 1/1
   569 | D:2      | Reached XP level 3. HP: 34/34 MP: 2/2
   832 | D:2      | Reached skill level 3 in Long Blades
  1099 | D:2      | Reached XP level 4. HP: 41/41 MP: 3/3
  1101 | D:2      | Noticed Sigmund
  1113 | D:2      | Killed Sigmund
  1113 | D:2      | Reached skill level 4 in Long Blades
  1113 | D:2      | Reached skill level 1 in Dodging
  1113 | D:2      | Reached XP level 5. HP: 34/47 MP: 4/4
  1333 | D:2      | HP: 3/70 [poisoned by a gnoll]
  1365 | D:2      | Reached XP level 6. HP: 7/53 MP: 5/5
  1381 | D:2      | Reached skill level 5 in Shields
  1707 | D:2      | Found a sparkling altar of Nemelex Xobeh.
  1815 | D:2      | Reached skill level 5 in Long Blades
  2554 | D:4      | Found a blossoming altar of Fedhas.
  2559 | D:4      | Found a staircase to the Ecumenical Temple.
  2576 | D:4      | Noticed Grinder
  2595 | Temple   | Entered the Ecumenical Temple
  2640 | Temple   | Became a worshipper of Warmaster Okawaru
  2721 | D:4      | Reached skill level 5 in Armour
  2766 | D:4      | Noticed Edmund
  2791 | D:4      | Killed Edmund
  2938 | Temple   | Reached XP level 7. HP: 60/60 MP: 6/6
  3198 | D:4      | Reached skill level 5 in Fighting
  3271 | D:4      | Reached skill level 6 in Long Blades
  3302 | D:4      | Killed Grinder
  3330 | D:4      | Reached skill level 7 in Long Blades
  3684 | D:4      | Reached * piety under Okawaru
  3993 | D:5      | Entered Level 5 of the Dungeon
  4312 | D:5      | Reached XP level 8. HP: 66/69 MP: 7/7
  4632 | D:5      | Noticed Menkaure
  4642 | D:5      | Killed Menkaure
  4642 | D:5      | Reached skill level 8 in Long Blades
  5059 | D:6      | Reached ** piety under Okawaru
  5376 | D:6      | Found Ynourhaw's Food Boutique.
  5398 | D:6      | Reached skill level 9 in Long Blades
  5409 | D:6      | Noticed Duvessa
  5412 | D:6      | Noticed Dowan
  5426 | D:6      | Killed Duvessa
  5438 | D:6      | Killed Dowan
  5438 | D:6      | Reached XP level 9. HP: 58/78 MP: 5/8
  5580 | D:6      | Noticed a deep elf mage
  5596 | D:6      | Killed a deep elf mage
  5821 | D:7      | Killed from afar by an electric eel

Skill      XL: |  1  2  3  4  5  6  7  8  9 |
---------------+----------------------------+-----
Fighting       | 4 5 6 |  6.8
Shields        | 4 5 6 7 8 |  8.3
Armour         | 4 5 6 7 |  7.5
Long Blades    | 3 4 5 7 9 |  9.6
Dodging        | 1 2 |  2.8
Stealth        | |  0.3

Action                   |  1- 3 |  4- 6 |  7- 9 || total
-------------------------+-------+-------+-------++-------
Melee: Long sword        |    87 |   154 |   280 ||   521
       Headbutt          |    15 |    28 |    58 ||   101
  Use: Potion            |       |     4 |       ||     4
  Eat: Chunk             |     1 |     6 |     9 ||    16
Armor: Scale mail        |    49 |     5 |       ||    54
       Skin              |       |    20 |       ||    20
       Chain mail        |       |    69 |    52 ||   121
       Plate armour      |       |       |    80 ||    80
Dodge: Dodged            |    38 |    51 |    51 ||   140
Block: Shield            |    53 |   105 |   131 ||   289
       Rpst.: Long sword |    16 |    14 |     8 ||    38
